 Dungeon Crawl Stone Soup version 0.20.2-3-g29329e0561 (webtiles) character file.

252 Alfie the Covered (level 6, -3/53 HPs)
             Began as a Hill Orc Fighter on Aug 25, 2022.
             Killed by divine providence
             ... invoked by an orc priest
              (11 damage)
             ... on level 3 of the Dungeon.
             The game lasted 00:04:13 (1240 turns).

Alfie the Covered (Hill Orc Fighter)                Turns: 1240, Time: 00:04:14

Health: -3/53      AC:  9    Str: 21    XL:     6   Next: 14%
Magic:  6/6        EV:  5    Int:  8    God:
Gold:   78         SH:  9    Dex: 10    Spells: 5/5 levels left

rFire    + . .     SeeInvis .   a - +0 rapier
rCold    . . .     Gourm    .   c - +0 shield
rNeg     . . .     Faith    .   e - +0 chain mail {rF+}
rPois    .         Spirit   .   (no helmet)
rElec    .         Reflect  .   (no cloak)
rCorr    .         Harm     .   (no gloves)
MR       .....                  (no boots)
Stlth    ..........             (no amulet)
Regen    0.2/turn               (no ring)
MPRegen  0.1/turn               (no ring)

@: slowed, very slow
A: no striking features
a: Convert to Beogh


You were on level 3 of the Dungeon.
You were not hungry.

You visited 1 branch of the dungeon, and saw 3 of its levels.

You collected 78 gold pieces.

Inventory:

Hand Weapons
 a - a +0 rapier (weapon)
Armour
 c - a +0 shield (worn)
 e - a +0 chain mail of fire resistance (worn)
Jewellery
 n - an uncursed ring of positive energy {unknown}
Scrolls
 b - a scroll of remove curse {unknown}
 g - 3 scrolls of identify {unknown}
 h - a scroll of teleportation {unknown}
 k - a scroll of fog {unknown}
 l - a scroll of enchant weapon {unknown}
Potions
 i - a potion of berserk rage {unknown}
 j - 3 potions of curing {unknown}
 m - a potion of agility {unknown}
Comestibles
 d - 2 fruits
 f - a bread ration


   Skills:
 + Level 4.3 Fighting
 + Level 3.7 Short Blades
 + Level 4.7 Armour
 + Level 0.2 Dodging
 + Level 4.7 Shields


You had 5 spell levels left.
You didn't know any spells.

Dungeon Overview and Level Annotations

Branches:
Dungeon (3/15)

Altars:


Message History

Jessica is severely wounded.
You block Jessica's attack. Jessica hits you but does no damage.
An orc comes into view. It is wielding a mace.
You puncture Jessica!
You kill Jessica!
The orc priest mumbles some strange prayers to Beogh against you.
Beogh smites you! The rat barely misses you.
The orc priest mumbles some strange prayers to Beogh against you.
Beogh smites you!
* * * LOW HITPOINT WARNING * * *
You hit the rat but do no damage. You block the rat's attack.
You hit the rat.
You kill the rat!
You closely miss the orc. You block the orc's attack.
The orc hits you but does no damage.
You puncture the orc!
You kill the orc!
The orc priest calls down the wrath of Beogh upon you.
Beogh smites you!
You die...

........ .......
......
..#.#####...# #....
..#.........+ .o..
#...........# #o.
#.....[.....# #o#
#...........# #@#
#...........# #.#
#........#######.##
..........).......#
#.....##########.##
#.....# #...
#...).# #####
#.....# #...###


You could see 2 orc priests and an orc.

Vanquished Creatures
  Sigmund (D:2)
  Jessica (D:3)
  2 adders (D:2)
  An ooze (D:2)
  2 worms (D:2)
  A dart slug (D:2)
  2 orcs (D:3)
  5 bats
  A giant cockroach (D:1)
  7 hobgoblins
  4 jackals (D:2)
  2 quokkas (D:2)
  4 frilled lizards
  A goblin (D:2)
  3 kobolds
  4 rats
41 creatures vanquished.

Notes
Turn   | Place    | Note
-------+----------+-------------------------------------------
     0 | D:1      | Alfie the Hill Orc Fighter began the quest for the Orb.
     0 | D:1      | Reached XP level 1. HP: 19/19 MP: 1/1
   136 | D:1      | Reached XP level 2. HP: 25/27 MP: 2/2
   553 | D:2      | Reached XP level 3. HP: 22/33 MP: 3/3
   913 | D:2      | Reached XP level 4. HP: 40/40 MP: 4/4
   917 | D:2      | Noticed Sigmund
   944 | D:2      | Killed Sigmund
   944 | D:2      | Reached XP level 5. HP: 10/46 MP: 5/5
  1216 | D:3      | Reached XP level 6. HP: 52/53 MP: 6/6
  1224 | D:3      | Noticed Jessica
  1236 | D:3      | Killed Jessica
  1240 | D:3      | Killed from afar by an orc priest

Skill      XL: |  1  2  3  4 |
---------------+-------------+-----
Fighting       | 4 |  4.3
Armour         | 4 |  4.7
Short Blades   | 3 |  3.7
Shields        | 4 |  4.7
Dodging        | |  0.2

Action                   |  1- 3 |  4- 6 || total
-------------------------+-------+-------++-------
Melee: Rapier            |   104 |    58 ||   162
  Use: Potion            |       |     1 ||     1
  Eat: Bread ration      |       |     1 ||     1
Armor: Chain mail        |    57 |    22 ||    79
       Scale mail        |     4 |       ||     4
Dodge: Dodged            |    14 |    10 ||    24
Block: Shield            |    42 |    29 ||    71
